 Dungeon Crawl Stone Soup version 0.19.0-19-g8c6edcc (webtiles) character file.

52 Luna the Stinger (level 3, 0/28 HPs)
             Began as a Ghoul Venom Mage on Nov 14, 2016.
             Slain by a worm (10 damage)
             ... on level 2 of the Dungeon.
             The game lasted 00:26:41 (1481 turns).

Luna the Stinger (Ghoul Venom Mage)                 Turns: 1481, Time: 00:26:41

Health: 0/28       AC:  3    Str: 12    XL:     3   Next: 85%
Magic:  3/5        EV: 12    Int: 10    God:
Gold:   72         SH:  0    Dex:  9    Spells: 1 memorised, 5 levels left

rFire  . . .     SeeInvis .       - Unarmed
rCold  + . .     Gourm    .     a - +0 robe
rNeg   + + +     Faith    .     (no shield)
rPois  ∞         Spirit   .     (no helmet)
rElec  .         Reflect  .     (no cloak)
rCorr  +         Harm     .     (no gloves)
MR     .....                    w - +0 pair of boots
Stlth  ++........               (no amulet)
                                (no ring)
                                t - ring of resist corrosion

@: rotting
A: rotting body, claws 1, carnivore 3, cold resistance 1, negative energy
resistance 3, slow regeneration 1, torment resistance, unbreathing
a: no special abilities


You were on level 2 of the Dungeon.
You were not hungry.

You visited 1 branch of the dungeon, and saw 2 of its levels.

You collected 72 gold pieces.

Inventory:

Hand Weapons
 d - a +1 whip of flaming
 f - a +0 club
 g - a +0 whip
 m - a +0 club
 n - a +0 club
 o - a +0 short sword
 p - a +2 dagger of venom
 q - a +0 club
 u - a +0 club
 v - a +0 dagger
 x - a +0 club
 y - a +0 dagger
 z - a +1 hunting sling of flaming
 B - a +0 whip
 F - a +0 spear
 H - a +0 dagger
Missiles
 h - 62 stones (quivered)
Armour
 a - a +0 robe (worn)
 w - a +0 pair of boots (worn)
Jewellery
 k - an uncursed ring of ice
 t - a ring of resist corrosion (left claw)
Scrolls
 c - a scroll of recharging {unknown}
 l - 4 scrolls of identify {unknown}
 s - 3 scrolls of teleportation {unknown}
 A - 3 scrolls of fear {unknown}
 D - 2 scrolls of immolation {unknown}
Potions
 e - a potion of haste {unknown}
 j - 2 potions of lignification {unknown}
 r - a potion of berserk rage {unknown}
 C - a potion of might {unknown}
 E - a potion of curing {unknown}
Books
 b - a Young Poisoner's Handbook

   Spells                             Type                      Level
   a - Sting                          Conjuration/Poison           1
   b - Mephitic Cloud                 Conjuration/Poison/Air       3
   c - Olgreb's Toxic Radiance        Poison                       4
   d - Alistair's Intoxication        Transmutation/Poison         5
   e - Venom Bolt                     Conjuration/Poison           5
Comestibles
 i - 3 fruits
 G - 3 chunks of flesh


   Skills:
 * Level 1.2 Fighting
 - Level 1.7 Dodging
 + Level 2.7 Stealth
 * Level 1.5 Unarmed Combat
 + Level 2.0 Spellcasting
 + Level 4.4 Poison Magic


You had 5 spell levels left.
You knew the following spells:

 Your Spells              Type           Power        Failure   Level  Hunger
a - Sting                 Conj/Pois      #...         14%         1    ##.....


Dungeon Overview and Level Annotations

Branches:
Dungeon (2/15)

Altars:


Innate Abilities, Weirdness & Mutations

Your body is rotting away.
You thrive on raw meat.
You are immune to poison.
You have sharp fingernails.
You are carnivorous and can eat meat at any time.
Your flesh is cold resistant. (rC+)
You are immune to negative energy. (rN+++)
You regenerate slowly when monsters are visible.
You are immune to unholy pain and torment.
You can survive without breathing.


Message History

You scratch the worm but do no damage. You claw the worm!
The worm is moderately wounded.
The worm misses you.
Casting: Sting
Confirm with . or Enter, or press ? or * to list all spells.
Aiming: Sting
Press: ? - help, Shift-Dir - straight line, f/p - worm
Aim: a worm (moderately wounded)
The sting hits the worm.
The worm is poisoned.
The worm is moderately wounded.
You scratch the worm.
The worm is heavily wounded.
The worm bites you.
You scratch the worm.
The worm is severely wounded.
You scratch the worm.
The worm is almost dead.
The worm bites you!
You die...

### #.#
..######.#
.........#
#.######w# #
#@# # #.# #
### #.# #
...#.# ##
#####.#.#####
.#
............#
.#
.##...#.###.#
.# ##...#.#
#.# ### .#
.... #.#
#.###.#


You could see a worm.

Vanquished Creatures
  2 adders (D:2)
  A dart slug (D:1)
  A giant cockroach (D:1)
  A goblin (D:1)
  5 hobgoblins (D:1)
  5 jackals
  3 kobolds (D:1)
  5 bats
  3 frilled lizards
  3 rats
29 creatures vanquished.

Notes
Turn   | Place    | Note
-------+----------+-------------------------------------------
     0 | D:1      | Luna the Ghoul Venom Mage began the quest for the Orb.
     0 | D:1      | Reached XP level 1. HP: 14/14 MP: 2/2
   173 | D:1      | Reached XP level 2. HP: 18/19 MP: 0/3
  1150 | D:2      | Reached XP level 3. HP: 26/26 MP: 2/4
  1162 | D:2      | Reached skill level 1 in Unarmed Combat
  1200 | D:2      | Reached skill level 1 in Fighting
  1481 | D:2      | Slain by a worm

Skill      XL: |  1  2  3 |
---------------+----------+-----
Unarmed Combat | 1 |  1.5
Fighting       | 1 |  1.2
Spellcasting   | 2 |  2.0
Dodging        | |  1.7
Stealth        | |  2.7
Poison Magic   | |  4.4

Action                   || total
-------------------------++-------
Melee: Unarmed           ||   100
 Cast: Sting             ||    32
  Eat: Chunk             ||    10
       Meat ration       ||     1
Armor: Robe              ||    26
Dodge: Dodged            ||    74
